 Dungeon Crawl Stone Soup version 0.30-a0-439-g9e77e4d916 (webtiles) character file.

Game seed: 12783682184918748445

23326 cforsyth the Fighter (level 12, -2/168 HPs)
             Began as a Minotaur Berserker on Dec 10, 2022.
             Was a High Priest of Trog.
             Slain by a blink frog (13 damage)
             ... on level 5 of the Lair of Beasts.
             The game lasted 00:22:45 (9788 turns).

cforsyth the Fighter (Minotaur Berserker)           Turns: 9788, Time: 00:22:46

Health: -2/168     AC: 21    Str: 27    XL:     12   Next: 70%
Magic:  11/11      EV:  6    Int:  4    God:    Trog [*****.]
Gold:   315        SH: 15    Dex: 10    Spells: 11/11 levels left

rFire   + . .      SeeInvis .    y - +1 war axe (elec)
rCold   + . .      Faith    .    d - +0 tower shield
rNeg    . . .      Spirit   .    u - +0 gold dragon scales
rPois   +          Reflect  .    (helmet restricted)
rElec   .          Harm     .    f - +0 cloak {Stlth+}
rCorr   .          Rampage  .    h - +0 pair of gloves
Will    .....                    (no boots)
Stlth   ..........               p - amulet of regeneration
HPRegen 1.28/turn                t - ring of poison resistance
MPRegen 0.12/turn                (no ring)

@: berserking, lethally poisoned (-2 -> -3), very quick
A: horns 2, retaliatory headbutt
a: Renounce Religion, Berserk, Trog's Hand, Brothers in Arms


You were on level 5 of the Lair of Beasts.
You worshipped Trog.
Trog was extremely pleased with you.
You visited 2 branches of the dungeon, and saw 13 of its levels.
You also visited: Bailey.

You collected 1270 gold pieces.
You spent 955 gold pieces at shops.

Inventory:

Hand Weapons
 y - a +1 war axe of electrocution (weapon)
 C - a +2 morningstar of protection
Missiles
 a - a throwing net (quivered)
Armour
 d - a +0 tower shield (worn)
 f - a +0 cloak of stealth (worn)
 h - a +0 pair of gloves (worn)
 u - +0 gold dragon scales (worn)
 B - +1 fire dragon scales
Jewellery
 n - an amulet of guardian spirit
 p - an amulet of regeneration (around neck)
 t - a ring of poison resistance (left hand)
 w - a ring of flight
 J - a +6 ring of dexterity
Wands
 c - a wand of flame (30)
 g - a wand of paralysis (4)
 m - a wand of digging (9)
 s - a wand of polymorph (9)
 A - a wand of acid (10)
Scrolls
 j - 2 scrolls of noise {unknown}
 k - 3 scrolls of teleportation
 v - a scroll of amnesia
 E - 2 scrolls of butterflies {unknown}
 G - 2 scrolls of magic mapping
 H - 3 scrolls of identify
 L - a scroll of vulnerability {unknown}
Potions
 b - 2 potions of resistance {unknown}
 e - 3 potions of attraction
 i - a potion of might {unknown}
 l - 3 potions of haste {unknown}
 o - 2 potions of cancellation
 q - 4 potions of heal wounds
 r - 8 potions of curing
 x - a potion of lignification
 z - 2 potions of flight {unknown}
 D - 2 potions of magic {unknown}
 F - 3 potions of mutation {unknown}
 I - 2 potions of invisibility
 K - 2 potions of brilliance {unknown}


   Skills:
 + Level 12.0 Fighting
 + Level 11.9 Axes
 + Level 11.6 Armour
 + Level 10.7 Dodging
 + Level 11.3 Shields
 + Level 3.6 Evocations


You had 11 spell levels left.
You didn't know any spells.
Your spell library was empty.

Dungeon Overview and Level Annotations

Branches:
Dungeon (9/15)             Temple (0/1) D:7            Lair (5/5) D:9
 Shoals (0/4) Lair:2        Slime (0/5) Lair:5          Orc (0/2) D:9
 Bailey (visited)
  Snake: Lair:2-3    Spider: Lair:2-3

Altars:
Elyvilon
Fedhas
Gozag
Ru
Trog
Uskayaw
Vehumet
Wu Jian

Shops:
D:4 [   D:6 (   D:7 !

Annotations:
Lair:1 1 runed translucent door, Kushur's ghost, journeyman VSGl


Innate Abilities, Weirdness & Mutations

You have a pair of horns on your head.
You reflexively headbutt those who attack you in melee.


Message History

The torpor snail is moderately wounded.
You barely miss the blink frog.
You feel very sick.
A nearby fungus withers and dies.
You block the blink frog's attack. The torpor snail bites you!
* * * LOW HITPOINT WARNING * * *
You block the blink frog's attack.
Unknown command.
You slice the torpor snail!! You headbutt the torpor snail!
You kill the torpor snail!
Trog accepts your kill.
You slash the blink frog! You miss the blink frog. You hit the blink frog.
Lightning courses through the blink frog!
You feel yourself speed up.
You feel sick. You block the blink frog's attack.
The blink frog hits you but does no damage.
The blink frog closely misses you. You block the blink frog's attack. x2
Your Fighting skill increases to level 12!
You slash the blink frog!
Lightning courses through the blink frog!
The blink frog is severely wounded.
You hit the blink frog. You closely miss the blink frog.
You hear the slow rumble of a very distant avalanche of rocks.
You hear the loud beating of a distant drum.
You feel sick.
The blink frog blinks!
You block the blink frog's attack. x2
Unknown command.
You miss the blink frog. Your headbutt misses the blink frog.
The blink frog is severely wounded.
You closely miss the blink frog.
You feel sick. The blink frog hits you.
* * * LOW HITPOINT WARNING * * *
The blink frog hits you!
* * * LOW HITPOINT WARNING * * *
Unknown command.
Unknown command.
You barely miss the blink frog.
The blink frog is severely wounded.
You slash the blink frog! You miss the blink frog.
You barely miss the blink frog.
You feel sick.
You block the blink frog's attack. x2; The blink frog hits you!
You die...

,***,,***.!##*,,,,,,.<.*,***
,,,*,,*,*#$..##*,,,...#.**
*,,*,,*,,*#....###,....#*
,,**,,**,,*#.....##....##
,,*,,,,*,,,*#...........#*******
,**,,,,**,,,*#.....P.....,**,,,*
,*,,,,,,*,,,,*#†††#......,,,,,,*
**,,,,,,**,,,,*#F†.......,,,,,**
*,,,,,,,,*,,,,*#@F.......,,,,,,*
**,****,*#.....F.F#..#...,,,,,,*
,********.......#..###*,.,,,,,,*
,** *,,,,....#...##.#*,,,,,,****
,,***,,,,.#.*#.P.,*#..,,,*,**
,,,,,,,,,*#**##..***#..,,,**
,,,,,,,,,** *.#.,,*,PP#***
,,**,,,,,,* *#..,,,,,.#
****,,,,,,*****,,,,,,,,*****


You could see 4 blink frogs.

Vanquished Creatures
  A catoblepas (Lair:1)
  Harold (D:9)
  2 two-headed ogres
  Amaemon (D:8)
  A deep troll (D:9)
  A black mamba (Lair:5)
  2 merfolk sirens (Lair:2)
  8 elephants
  An orange demon (D:8)
  6 cane toads
  A torpor snail (Lair:5)
  6 komodo dragons
  Grinder (D:4)
  2 hornets
  3 blink frogs (Lair:1)
  Sigmund (D:3)
  2 shadows (D:9)
  4 spriggans (Bailey)
  15 yaks
  4 wyverns
  3 basilisks
  3 vampire mosquitoes
  2 steam dragons
  Menkaure (D:7)
  A naga (Lair:3)
  10 water moccasins
  A sky beast (D:7)
  3 orc warriors
  An ice beast (D:5)
  3 black bears
  8 ogres (Bailey)
  2 centaurs (D:9)
  9 wolves
  2 phantoms
  A kobold brigand (D:8)
  10 bullfrogs
  2 necrophages (D:6)
  3 gnoll sergeants
  6 scorpions
  5 wights (D:9)
  3 howler monkeys
  6 hounds
  A gnoll bouda (D:9)
  A jelly (D:8)
  7 orc priests
  Jessica (D:2)
  2 iguanas
  15 orc wizards
  7 gnolls
  7 adders
  A shadow imp (D:6)
  3 white imps
  2 worms
  A dart slug (D:4)
  42 orcs
  8 endoplasms
  A giant cockroach (D:3)
  6 goblins
  4 hobgoblins
  6 jackals
  4 quokkas
  11 ball pythons
  4 bats
  3 frilled lizards
  6 kobolds
  4 rats
295 creatures vanquished.

Vanquished Creatures (others)
  A wizard (D:7)
  19 fungi
  40 plants
60 creatures vanquished.

Grand Total: 355 creatures vanquished

Notes
Turn   | Place    | Note
-------+----------+-------------------------------------------
     0 | D:1      | cforsyth the Minotaur Berserker began the quest for the
                  | Orb.
     0 | D:1      | Reached XP level 1. HP: 19/19 MP: 0/0
    56 | D:1      | Found a faded altar of an unknown god.
   256 | D:1      | Reached XP level 2. HP: 26/27 MP: 1/1
   387 | D:1      | Reached skill level 1 in Shields
   724 | D:2      | Reached skill level 4 in Fighting
   761 | D:2      | Reached ** piety under Trog
   762 | D:2      | Reached XP level 3. HP: 33/33 MP: 2/2
   774 | D:2      | Noticed Jessica
   783 | D:2      | Killed Jessica
  1203 | D:3      | Identified the +2 ring mail of Peek-a-Boo {Int+4}
  1231 | D:3      | Noticed a scorpion
  1239 | D:3      | Killed a scorpion
  1240 | D:3      | Reached XP level 4. HP: 20/41 MP: 1/3
  1371 | D:3      | Reached XP level 5. HP: 47/47 MP: 4/4
  1476 | D:3      | Noticed Sigmund
  1486 | D:3      | Killed Sigmund
  1487 | D:3      | Reached XP level 6. HP: 38/55 MP: 5/5
  1798 | D:4      | Reached skill level 5 in Fighting
  1798 | D:4      | Reached skill level 5 in Axes
  1924 | D:4      | Noticed Grinder
  1926 | D:4      | Paralysed by Grinder for 4 turns
  1950 | D:4      | Killed Grinder
  1951 | D:4      | Reached XP level 7. HP: 55/61 MP: 6/6
  1969 | D:4      | Found Turambar's Dragon-Slaying Spoils.
  2004 | D:4      | Noticed a +0 spear
  2004 | D:4      | Noticed a +0 falchion
  2004 | D:4      | Noticed a +0 dagger
  2007 | D:4      | Noticed a +0 short sword
  2008 | D:4      | Noticed a +0 short sword
  2010 | D:4      | Noticed a +0 dagger
  2011 | D:4      | Noticed a +0 falchion
  2011 | D:4      | Noticed a +0 spear
  2016 | D:4      | Found a hide-covered altar of Uskayaw.
  2344 | D:5      | Entered Level 5 of the Dungeon
  2384 | D:5      | Identified a scroll of acquirement
  2384 | D:5      | Acquired 612 gold pieces
  2489 | D:5      | Reached skill level 5 in Armour
  2745 | D:5      | Reached skill level 6 in Fighting
  2749 | D:5      | Reached *** piety under Trog
  2850 | D:5      | Reached skill level 5 in Dodging
  2850 | D:5      | Reached XP level 8. HP: 70/70 MP: 7/7
  3337 | D:5      | Reached skill level 5 in Shields
  3475 | D:4      | Bought +0 gold dragon scales for 880 gold pieces
  3815 | D:6      | Reached skill level 7 in Fighting
  3982 | D:6      | Found Zaottad's Weapon Emporium.
  4084 | D:7      | Reached XP level 9. HP: 79/79 MP: 8/8
  4102 | D:7      | Reached **** piety under Trog
  4237 | D:7      | Noticed Menkaure
  4242 | D:7      | Killed Menkaure
  4342 | D:7      | Found Pytelyt's Distillery.
  4347 | D:7      | Bought a potion of heal wounds for 75 gold pieces
  4435 | D:7      | Found a staircase to the Ecumenical Temple.
  4450 | D:7      | Paralysed by a hornet for 3 turns
  4458 | D:7      | Paralysed by a hornet for 3 turns
  4601 | D:7      | Found a bloodstained altar of Trog.
  4604 | D:7      | Noticed a wizard
  4610 | D:7      | Killed a wizard
  4945 | D:8      | Noticed a two-headed ogre
  4952 | D:8      | Killed a two-headed ogre
  4953 | D:8      | Reached skill level 8 in Fighting
  4956 | D:8      | Reached ***** piety under Trog
  4992 | D:8      | Found a flagged portal.
  5005 | Bailey   | Entered a bailey
  5042 | Bailey   | Reached XP level 10. HP: 73/90 MP: 9/9
  5349 | Bailey   | Noticed a two-headed ogre
  5363 | Bailey   | Killed a two-headed ogre
  5364 | Bailey   | Reached skill level 9 in Fighting
  5482 | Bailey   | Identified the +3 glaive of the Scorching Gods {drain, rF-
                  | Int+7 Dex+4}
  5781 | D:8      | Noticed Amaemon
  5787 | D:8      | Noticed an orange demon
  5793 | D:8      | Killed Amaemon
  5803 | D:8      | Killed an orange demon
  6053 | D:8      | Found a blossoming altar of Fedhas.
  6062 | D:8      | Found a sacrificial altar of Ru.
  6062 | D:8      | Found a white marble altar of Elyvilon.
  6062 | D:8      | Found an ornate altar of the Wu Jian Council.
  6158 | D:8      | Found a radiant altar of Vehumet.
  6332 | D:9      | Found a staircase to the Orcish Mines.
  6344 | D:9      | Noticed Harold
  6558 | D:9      | Killed Harold
  6706 | D:9      | Reached XP level 11. HP: 99/99 MP: 10/10
  6799 | D:9      | Noticed a deep troll
  6804 | D:9      | Reached skill level 10 in Fighting
  6805 | D:9      | Reached skill level 10 in Axes
  6816 | D:9      | Killed a deep troll
  6937 | D:9      | Found an opulent altar of Gozag.
  7266 | D:9      | Found a staircase to the Lair.
  7368 | D:9      | Reached skill level 10 in Armour
  7561 | Lair:1   | Entered Level 1 of the Lair of Beasts
  7747 | Lair:1   | Noticed a catoblepas
  7771 | Lair:1   | Killed a catoblepas
  7899 | Lair:1   | Reached skill level 10 in Shields
  7984 | Lair:1   | Found a runed translucent door.
  7985 | Lair:1   | Noticed Kushur's ghost (journeyman VSGl)
  7989 | Lair:1   | Identified the +10 spear of Moral Flaws {holy, rPois Int+3}
  7991 | Lair:1   | Noticed a spriggan rider
  8532 | Lair:1   | Reached skill level 11 in Fighting
  8532 | Lair:1   | Reached skill level 1 in Evocations
  9049 | Lair:2   | Reached XP level 12. HP: 110/110 MP: 11/11
  9134 | Lair:2   | Reached skill level 10 in Dodging
  9135 | Lair:2   | Received a gift from Trog
  9275 | Lair:2   | Found a staircase to the Shoals.
  9564 | Lair:3   | Noticed a boulder beetle
  9746 | Lair:3   | You fall into a shaft and drop 2 floors!
  9746 | Lair:5   | Entered Level 5 of the Lair of Beasts
  9786 | Lair:5   | Reached skill level 12 in Fighting
  9788 | Lair:5   | Slain by a blink frog

Illustrated notes

Levels and vault maps discovered:
D:1:      lemuel_arrival_room, layout_basic, nicolae_ecumenical_snake_handling,
          minmay_tromino_v4_b
D:2:      layout_rooms, uniq_jessica
D:3:      layout_rooms, uniq_sigmund
D:4:      layout_basic, nicolae_uskayaw_en_pointe, dreamdust_princess_bridge,
          nicolae_shop_dragon_depot, grunt_ministairs_1, uniq_grinder
D:5:      layout_basic
D:6:      layout_gridville, serial_shops, kennysheep_little_box, st_stairs_14
D:7:      layout_loops_ring, trog_wizard, minmay_temple_entry_statues_fountains,
          serial_shops, nicolae_shop_stone, st_stairs_12,
          nicolae_figureground_sparkle, uniq_menkaure
D:8:      layout_loops_corners, mainiacjoe_overflow_surrounded_room,
          chequers_temple_overflow_statue_of_worship, enter_bailey_5,
          nicolae_concentric_dashed_squares_wild, st_stairs_3, uniq_amaemon
D:9:      nzn_winding_woodlands_cross [nzn_winding_woodlands_5x15_lazy_stream,
          nzn_winding_woodlands_5x15_split_checker,
          nzn_winding_woodlands_5x15_pockets,
          nzn_winding_woodlands_5x15_pathside_ponds,
          nzn_winding_woodlands_15x15_eel_pit], layout_small_grid,
          mainiacjoe_overflow_six_doors_small, david_lair_shrubbed, uniq_harold
Lair:1:   layout_long_grid, ebering_ghost_funeral_grove
Lair:2:   layout_regular_city, elwin_shoals_entry_rooms, serial_bayou_crossing,
          grunt_megastairs_4
Lair:3:   gammafunk_cloud_chamber, layout_loops_ring,
          minmay_snake_entry_guardpost_small
Lair:5:   hangedman_lair_tendril_chambers, layout_layer_cave, slime_entry_1,
          gauntlet_entry_generic, enter_volcano_4, nicolae_lair_yak_garden,
          lemuel_fruit_tree

Skill      XL: |  1  2  3  4  5  6  7  8  9 10 11 12 |
---------------+-------------------------------------+-----
Shields        | 1 2 3 4 6 7 9 10 11 | 11.3
Fighting       | 4 5 6 7 8 9 11 12 | 12.0
Axes           | 4 5 6 7 8 9 11 | 11.9
Armour         | 3 4 5 6 8 9 10 11 | 11.6
Dodging        | 3 4 5 6 7 8 9 10 | 10.7
Evocations     | 1 3 |  3.6

Action                   |  1- 3 |  4- 6 |  7- 9 | 10-12 || total
-------------------------+-------+-------+-------+-------++-------
Melee: Hand axe          |    85 |    58 |   132 |       ||   275
       Headbutt          |    13 |    13 |    46 |    88 ||   160
       War axe           |       |       |   181 |   459 ||   640
Invok: Trog's Hand       |       |     1 |       |     1 ||     2
       Berserk           |       |       |     2 |     5 ||     7
  Use: Scroll            |       |     4 |     6 |     6 ||    16
       Potion            |       |       |     1 |       ||     1
Armor: Animal skin       |     7 |       |       |       ||     7
       Ring mail         |    27 |    20 |    66 |       ||   113
       Gold dragon scale |       |       |   119 |   342 ||   461
Dodge: Dodged            |    22 |    12 |    65 |    92 ||   191
Block: Tower shield      |    48 |    33 |   235 |   449 ||   765

Table legend: (Time is in decaauts)
 A = Elapsed time spent in this place.
 B = Non-inter-level travel time spent in this place.
 C = Inter-level travel time spent in this place.
 D = Time resting spent in this place.
 E = Time spent auto-exploring this place.
 F = Levels seen in this place.
 G = Mean time per level.
                   A        B        C        D        E       F      G
               +--------+--------+--------+--------+--------+-----+--------+
         Total |  10243 |   9757 |    486 |    541 |   6646 |  14 |  731.6 |
       Dungeon |   7331 |   6900 |    431 |    317 |   4832 |   9 |  814.6 |
          Lair |   2310 |   2255 |     55 |      0 |   1719 |   4 |  577.5 |
        Bailey |    601 |    601 |      0 |    224 |     94 |   1 |  601.0 |
               +--------+--------+--------+--------+--------+-----+--------+

Top non-repeatable levels by time:
     D:8: 1249 daAuts
     D:5: 1149 daAuts
  Lair:1: 1148 daAuts
     D:9: 969 daAuts
     D:7: 889 daAuts
  Lair:2: 844 daAuts
     D:4: 758 daAuts
     D:1: 719 daAuts
  Bailey: 601 daAuts
     D:2: 549 daAuts
     D:6: 529 daAuts
     D:3: 517 daAuts
  Lair:3: 266 daAuts
  Lair:5: 51 daAuts
